 Dungeon Crawl Stone Soup version 0.26.1-11-gd32895ea62 (webtiles) character file.

Game seed: 4841063564310153079

20636 hawla the Thaumaturge (level 12, -2/66 HPs)
             Began as a Deep Elf Conjurer on July 5, 2021.
             Was an Elder of Vehumet.
             Shot with an arrow by a centaur warrior (18 damage)
             ... on level 14 of the Dungeon.
             The game lasted 00:50:17 (18940 turns).

hawla the Thaumaturge (Deep Elf Conjurer)          Turns: 18940, Time: 00:50:18

Health: -2/66      AC:  7    Str:  4    XL:     12   Next: 47%
Magic:  2/30       EV: 19    Int: 29    God:    Vehumet [****..]
Gold:   1113       SH:  4    Dex: 13    Spells: 20/36 levels left

rFire    . . .     SeeInvis .   E - staff of cold
rCold    + . .     Faith    .   f - +0 buckler
rNeg     . . .     Spirit   .   b - +0 steam dragon scales
rPois    .         Reflect  .   (no helmet)
rElec    .         Harm     .   m - +0 cloak
rCorr    .         Rampage  .   t - +0 pair of gloves (curse)
Will     +....                  (no boots)
Stlth    ++++......             (no amulet)
HPRegen  0.21/turn              H - +4 ring of evasion
MPRegen  0.22/turn              r - ring of wizardry

@: about to teleport
A: no striking features
a: Renounce Religion


You were on level 14 of the Dungeon.
You worshipped Vehumet.
Vehumet was greatly pleased with you.
You visited 2 branches of the dungeon, and saw 15 of its levels.

You collected 1113 gold pieces.

Inventory:

Hand Weapons
 l - a +2 quarterstaff of chaos
Missiles
 c - 51 poisoned darts (quivered)
 u - 2 curare-tipped darts
 v - 14 boomerangs
 C - 3 javelins
Armour
 b - +0 steam dragon scales (worn)
 f - a +0 buckler (worn)
 m - a +0 cloak (worn)
 t - a cursed +0 pair of gloves (worn)
Magical Staves
 E - an uncursed staff of cold (weapon)
Jewellery
 i - a +4 ring of evasion
 n - an uncursed ring of stealth
 r - a ring of wizardry (right hand)
 A - an uncursed ring of protection from cold
 H - a +4 ring of evasion (left hand)
 I - a cursed ring of teleportation {unknown}
Wands
 g - a wand of random effects (12)
 j - a wand of digging (8)
 o - a wand of iceblast (16)
 p - a wand of flame (46)
 s - a wand of disintegration (24)
 K - a wand of enslavement (8)
Scrolls
 h - a scroll of summoning
 q - 9 scrolls of remove curse
 w - 2 scrolls of enchant armour
 y - a scroll of silence
 B - 2 scrolls of magic mapping
 D - a scroll of teleportation
 M - a scroll of acquirement {unknown}
Potions
 d - 3 potions of brilliance
 e - a potion of flight
 k - 2 potions of curing
 x - a potion of haste
 z - 2 potions of degeneration
 F - 5 potions of might
 G - a potion of mutation {unknown}
Miscellaneous
 a - a phial of floods
 N - a condenser vane


   Skills:
 - Level 4.0 Fighting
 + Level 6.3 Staves
 - Level 2.0 Throwing
 - Level 7.0 Dodging
 - Level 8.0 Stealth
 + Level 2.5 Shields
 + Level 12.9 Spellcasting
 + Level 11.9 Conjurations
 + Level 7.8 Translocations
 - Level 6.0 Fire Magic
 - Level 3.0 Evocations


You had 20 spell levels left.
You knew the following spells:

 Your Spells              Type           Power        Failure   Level
a - Magic Dart            Conj           100%         1%          1
b - Searing Ray           Conj           100%         1%          2
c - Iskenderun's Mystic   Conj/Tloc      66%          1%          4
d - Conjure Flame         Conj/Fire      63%          1%          3
e - Foxfire               Conj/Fire      100%         1%          1
f - Bolt of Magma         Conj/Fire/Erth 26%          1%          5

Your spell library contained the following spells:

 Spells                   Type           Power        Failure   Level
 Dazzling Flash           Conj/Hex       100%         1%          3
 Fulminant Prism          Conj/Hex       26%          1%          4


Dungeon Overview and Level Annotations

Branches:
Dungeon (14/15)            Temple (1/1) D:7            Lair (0/6) D:10
    Orc (0/2) D:12
 Vaults: D:13-14

Altars:
Ashenzari
Cheibriados
Dithmenos
Elyvilon
Fedhas
Gozag
Hepliaklqana
Kikubaaqudgha
Makhleb
Nemelex Xobeh
Okawaru
Qazlal
Ru
Sif Muna
Trog
Uskayaw
Vehumet
Wu Jian
Xom
Yredelemnul
Zin
The Shining One

Shops:
D:7 [   D:11 :


Message History

An orc, an orc warrior and an orc wizard come into view.
The centaur wields a +0 shortbow.
The centaur shoots an arrow.
The arrow hits you.
* * * LOW HITPOINT WARNING * * *
There is an open door here.
As you read the scroll of teleportation, it crumbles to dust.
You feel strangely unstable.
The orc shouts!
The orc wizard shouts!
You block the orc wizard's attack. You block the orc warrior's attack.
You feel better.
The orc wizard hits you but does no damage.
The orc warrior hits you with a +0 hand axe!
* * * LOW HITPOINT WARNING * * *
The centaur warrior wields a +0 shortbow.
The centaur warrior shoots an arrow.
The arrow hits you.
* * * LOW HITPOINT WARNING * * *
You feel better. You block the orc wizard's attack.
You block the orc warrior's attack.
The centaur warrior shoots an arrow.
The arrow hits you!!
You die...

.......
#.....#
#.....#
+.....+
#.....#
#.....#
#.ooo.#
#@# #(#
### #.# #
..# #.#
#. #.#
#c#######
#. #.#
#zz..z...
#..#.#
#ccc....z
#...<#
#.z.c.c.c
#..#.#
#.#....c.
## #.#


You could see a centaur warrior, an orc warrior, 2 centaurs, 3 wights, an orc
wizard and an orc.

Vanquished Creatures
  Kirke (D:14)
  A centaur warrior (D:13)
  2 two-headed ogres
  3 unseen horrors
  2 deep elf magi
  4 ugly things
  An orc knight (D:11)
  A cyclops (D:11)
  A manticore (D:11)
  4 trolls
  A shadow (D:13)
  2 wraiths (D:12)
  Sigmund (D:4)
  4 wyverns
  A steam dragon (D:11)
  12 yaks
  7 hogs (D:13)
  2 vampire mosquitoes (D:13)
  Menkaure (D:6)
  An acid dragon (D:13)
  4 water moccasins (D:10)
  6 orc warriors
  2 ice beasts
  A phantom (D:6)
  6 black bears
  2 necrophages
  3 sky beasts
  6 ogres
  11 centaurs
  3 big kobolds
  A wyvern zombie (D:10)
  5 bullfrogs
  A water moccasin zombie (D:5)
  2 scorpions
  3 wights (D:9)
  6 killer bees (D:8)
  4 howler monkeys
  2 centaur zombies
  A quasit (D:9)
  A bullfrog zombie (D:10)
  2 jellies
  Crazy Yiuf (D:2)
  An orc priest (D:6)
  6 hounds
  A centaur skeleton (D:8)
  8 iguanas
  Jessica (D:3)
  5 bullfrog skeletons
  Ijyb (D:3)
  8 orc wizards
  12 worker ants
  3 hound zombies
  8 gnolls
  2 worker ant zombies
  17 adders
  5 shadow imps
  2 white imps
  An ufetubus (D:7)
  2 adder zombies
  An adder skeleton (D:5)
  2 dart slugs (D:5)
  7 leopard geckos
  37 orcs
  3 ball pythons
  8 bats
  8 giant cockroaches
  6 goblins
  12 hobgoblins
  4 jackals (D:7)
  17 kobolds
  5 quokkas
  14 frilled lizards
  A leopard gecko skeleton (D:8)
  2 quokka skeletons
  A quokka zombie (D:5)
  8 rats
344 creatures vanquished.

Vanquished Creatures (others)
  A vault guard (D:13)
  236 foxfires
  2 fungi (D:10)
  17 plants
256 creatures vanquished.

Grand Total: 600 creatures vanquished

Notes
Turn   | Place    | Note
-------+----------+-------------------------------------------
     0 | D:1      | hawla the Deep Elf Conjurer began the quest for the Orb.
     0 | D:1      | Reached XP level 1. HP: 10/10 MP: 6/6
   202 | D:1      | Reached XP level 2. HP: 16/16 MP: 5/8
   206 | D:1      | Learned a level 2 spell: Searing Ray
   294 | D:1      | Reached skill level 1 in Translocations
   294 | D:1      | Reached skill level 1 in Fire Magic
   525 | D:1      | Reached XP level 3. HP: 20/20 MP: 5/9
  1010 | D:2      | Reached skill level 1 in Fighting
  1519 | D:2      | Found a runed translucent door.
  1520 | D:2      | Noticed Crazy Yiuf
  1667 | D:2      | Killed Crazy Yiuf
  1668 | D:2      | Reached skill level 5 in Conjurations
  1668 | D:2      | Reached XP level 4. HP: 25/25 MP: 4/10
  1673 | D:2      | Learned a level 4 spell: Iskenderun's Mystic Blast
  1788 | D:3      | Noticed Jessica
  1791 | D:3      | Killed Jessica
  1964 | D:3      | Found a glowing golden altar of the Shining One.
  1978 | D:3      | Found a shimmering blue altar of Sif Muna.
  2230 | D:3      | Reached XP level 5. HP: 29/29 MP: 8/11
  2393 | D:3      | Noticed Ijyb
  2405 | D:3      | Killed Ijyb
  3538 | D:4      | Found a glowing silver altar of Zin.
  3610 | D:4      | Reached XP level 6. HP: 18/34 MP: 12/12
  3991 | D:4      | Found an opulent altar of Gozag.
  3992 | D:4      | Found an ancient bone altar of Kikubaaqudgha.
  3992 | D:4      | Found a basalt altar of Yredelemnul.
  3993 | D:4      | Found a shimmering altar of Xom.
  3994 | D:4      | Found a hazy altar of Hepliaklqana.
  4081 | D:4      | Noticed Sigmund
  4088 | D:4      | Killed Sigmund
  4089 | D:4      | Reached skill level 1 in Staves
  4484 | D:5      | Entered Level 5 of the Dungeon
  4529 | D:5      | Reached XP level 7. HP: 16/38 MP: 11/14
  5053 | D:5      | Found a white marble altar of Elyvilon.
  5346 | D:5      | Found a snail-covered altar of Cheibriados.
  5674 | D:5      | Reached skill level 4 in Spellcasting
  5960 | D:6      | Reached XP level 8. HP: 37/43 MP: 11/16
  6009 | D:6      | Reached skill level 5 in Stealth
  6619 | D:6      | Noticed Menkaure
  6624 | D:6      | Killed Menkaure
  7002 | D:6      | Reached skill level 1 in Evocations
  7044 | D:6      | Found a sparkling altar of Nemelex Xobeh.
  7077 | D:6      | Found a burning altar of Makhleb.
  7282 | D:6      | Noticed a glowing shapeshifter
  7282 | D:6      | a worker ant changed into a glowing shapeshifter
  7282 | D:6      | Noticed a wolf spider
  7282 | D:6      | a glowing shapeshifter changed into a wolf spider
  7284 | D:6      | Noticed a glowing shapeshifter
  7284 | D:6      | a wolf spider changed into a glowing shapeshifter
  7285 | D:6      | a glowing shapeshifter changed into a swamp worm
  7288 | D:6      | Noticed a snapping turtle
  7288 | D:6      | a swamp worm changed into a snapping turtle
  7289 | D:6      | Noticed a slime creature
  7289 | D:6      | a snapping turtle changed into a slime creature
  7290 | D:6      | Noticed a satyr
  7290 | D:6      | a slime creature changed into a satyr
  7293 | D:6      | Noticed an alligator
  7293 | D:6      | a satyr changed into an alligator
  7294 | D:6      | Noticed a four-headed hydra
  7294 | D:6      | an alligator changed into a four-headed hydra
  7295 | D:6      | Noticed a satyr
  7295 | D:6      | a four-headed hydra changed into a satyr
  7303 | D:6      | Noticed a wolf spider
  7303 | D:6      | a satyr changed into a wolf spider
  7306 | D:6      | Noticed a sea snake
  7306 | D:6      | a wolf spider changed into a sea snake
  7313 | D:6      | Noticed a death drake
  7313 | D:6      | a sea snake changed into a death drake
  7480 | D:7      | Reached skill level 5 in Spellcasting
  7761 | D:7      | Reached XP level 9. HP: 49/49 MP: 9/19
  8097 | D:7      | Found a staircase to the Ecumenical Temple.
  8123 | Temple   | Entered the Ecumenical Temple
  8336 | Temple   | Became a worshipper of Vehumet
  8642 | D:7      | Reached skill level 5 in Dodging
  8870 | D:7      | Found Kuec's Antique Armour Shop.
  8989 | D:7      | Reached skill level 5 in Staves
  9135 | D:7      | Reached skill level 6 in Spellcasting
  9820 | D:8      | Found an iron altar of Okawaru.
 10368 | D:8      | Reached * piety under Vehumet
 10368 | D:8      | Offered knowledge of Foxfire by Vehumet.
 10369 | D:8      | Reached skill level 7 in Spellcasting
 10373 | D:8      | Learned a level 1 spell: Foxfire
 10405 | D:8      | Reached skill level 5 in Translocations
 11028 | D:9      | Reached XP level 10. HP: 49/56 MP: 17/22
 11279 | D:9      | Found a broken altar of Ashenzari.
 11575 | D:9      | Reached skill level 8 in Spellcasting
 11743 | D:9      | Noticed a two-headed ogre
 11754 | D:9      | Killed a two-headed ogre
 12114 | D:9      | Reached skill level 9 in Spellcasting
 12384 | D:9      | Offered knowledge of Sandblast by Vehumet.
 12386 | D:9      | Reached skill level 5 in Fire Magic
 12505 | D:9      | Reached ** piety under Vehumet
 12692 | D:10     | Entered Level 10 of the Dungeon
 12718 | D:10     | Reached skill level 10 in Conjurations
 12896 | D:10     | Reached skill level 10 in Spellcasting
 13251 | D:10     | Reached XP level 11. HP: 60/60 MP: 17/27
 13395 | D:10     | Killed an unseen horror
 13396 | D:10     | Reached skill level 1 in Shields
 13837 | D:10     | Found a staircase to the Lair.
 14041 | D:10     | Noticed a two-headed ogre
 14050 | D:10     | Killed a two-headed ogre
 14051 | D:10     | Reached skill level 11 in Spellcasting
 14497 | D:10     | Offered knowledge of Conjure Flame by Vehumet.
 14502 | D:10     | Learned a level 3 spell: Conjure Flame
 14692 | D:11     | Reached *** piety under Vehumet
 15048 | D:11     | Found Haqaagot's Book Emporium.
 15115 | D:11     | Noticed a white ugly thing
 15124 | D:11     | Killed a white ugly thing
 15550 | D:11     | Noticed an orc knight
 15566 | D:11     | Killed an orc knight
 15567 | D:11     | Reached skill level 1 in Throwing
 16129 | D:12     | Noticed a deep elf mage
 16132 | D:12     | Found a staircase to the Orcish Mines.
 16143 | D:12     | Offered knowledge of Inner Flame by Vehumet.
 16151 | D:12     | Killed a deep elf mage
 16152 | D:12     | Reached skill level 12 in Spellcasting
 16353 | D:12     | Noticed a red ugly thing
 16364 | D:12     | Killed an unseen horror
 16365 | D:12     | Killed a red ugly thing
 16959 | D:12     | Noticed a five-headed hydra
 17616 | D:13     | Noticed a cyan ugly thing
 17632 | D:13     | Killed a cyan ugly thing
 17633 | D:13     | Reached XP level 12. HP: 40/64 MP: 7/30
 17763 | D:12     | Learned a level 1 spell: Magic Dart
 17967 | D:13     | Reached **** piety under Vehumet
 18154 | D:13     | Offered knowledge of Bolt of Magma by Vehumet.
 18157 | D:13     | Learned a level 1 spell: Foxfire
 18163 | D:13     | Learned a level 5 spell: Bolt of Magma
 18283 | D:13     | Noticed a centaur warrior
 18519 | D:13     | Killed a centaur warrior
 18780 | D:13     | Killed a vault guard
 18904 | D:13     | Noticed Kirke
 18929 | D:14     | Killed Kirke
 18934 | D:14     | Noticed a centaur warrior
 18940 | D:14     | Shot with an arrow by a centaur warrior

Illustrated notes

Levels and vault maps discovered:
D:1:      amcnicky_arrival_wind_blow, layout_basic, minmay_misc_feat_roman,
          minmay_misc_feat_secret_circle
D:2:      layout_rooms, minmay_crystal_water, uniq_crazy_yiuf_cottage
D:3:      layout_basic, lemuel_round_altar, tso_oasis_becter, uniq_ijyb,
          uniq_jessica
D:4:      layout_layer_cave, kennysheep_mini_moat, grunt_temple_overflow_open,
          uniq_sigmund
D:5:      layout_basic, kennysheep_slug_shrine, elyvilon_altar_5,
          minmay_misc_feat_nine_boxes
D:6:      layout_rooms, general_overflow_altar, basic_altar, uniq_menkaure
D:7:      layout_cave_pods, minmay_temple_entry_slanted, serial_shops,
          nicolae_shop_waterfront
D:8:      layout_basic, okawaru_gym_becter
D:9:      layout_roguey, evilmike_ruin_ashenzari
D:10:     layout_long_grid, minmay_lair_entry_grove
D:11:     cheibrodos_orc_bank, layout_long_grid, serial_shops,
          nicolae_shop_statue_plus
D:12:     layout_gridville, orc_david_3
D:13:     layout_irregular_city, ximxim_vaults_locker_room, uniq_kirke
D:14:     layout_basic
Temple:   jpeg_temple_island

Skill      XL: |  1  2  3  4  5  6  7  8  9 10 11 12 |
---------------+-------------------------------------+-----
Translocations | 1 2 3 5 6 7 |  7.8
Fire Magic     | 1 2 3 5 6 |  6.0
Fighting       | 1 2 3 4 |  4.0
Conjurations   | 5 6 7 8 9 10 11 | 11.9
Staves         | 1 2 4 5 6 |  6.3
Dodging        | 3 4 5 6 7 |  7.0
Stealth        | 4 5 7 8 |  8.0
Spellcasting   | 4 5 7 10 12 | 12.9
Evocations     | 1 2 3 |  3.0
Shields        | 1 2 |  2.5
Throwing       | 1 2 |  2.0

Action                   |  1- 3 |  4- 6 |  7- 9 | 10-12 || total
-------------------------+-------+-------+-------+-------++-------
Melee: Quarterstaff      |       |    59 |    91 |       ||   150
       Staff             |       |       |    33 |    51 ||    84
Throw: Dart              |       |       |     1 |     8 ||     9
 Cast: Magic Dart        |    57 |    13 |    44 |     9 ||   123
       Searing Ray       |     8 |    21 |    34 |    52 ||   115
       Iskenderun's Myst |       |     1 |    43 |   133 ||   177
       Foxfire           |       |       |    17 |   124 ||   141
       Conjure Flame     |       |       |       |     8 ||     8
       Bolt of Magma     |       |       |       |     4 ||     4
Evoke: Wand              |       |       |    12 |     3 ||    15
  Use: Scroll            |     4 |     5 |    11 |    10 ||    30
       Potion            |       |       |     4 |     6 ||    10
 Stab: Sleeping          |       |       |     9 |     1 ||    10
       Petrified         |       |       |     3 |       ||     3
       Paralysed         |       |       |     2 |       ||     2
       Petrifying        |       |       |     2 |       ||     2
       Distracted        |       |       |       |     1 ||     1
Armor: Robe              |     1 |    18 |    28 |     6 ||    53
       Steam dragon scal |       |       |       |    20 ||    20
Dodge: Dodged            |     5 |    53 |   113 |   133 ||   304
Block: Buckler           |       |       |     5 |    27 ||    32
